3114 views
Uploaded 2020-01-21 19:12:04
Game version 1.32.0.6
5:12 long 3on3 ladder game on (6)StranglethornVale
Saved by BEARAND
3114 views
Uploaded 2020-01-21 19:12:04
Game version 1.32.0.6
5:12 long 3on3 ladder game on (6)StranglethornVale


42 units @ 3.1k
/ 0k
37 buildings @ 3k
/ 1.1k

| Peasant | 14 | 1050 | / | 0 |
| total: | 14 | 1050g | / | 0w |
| Scout Tower | 9 | 270 | / | 180 |
| Arcane Tower | 2 | 140 | / | 100 |
| Guard Tower | 4 | 280 | / | 200 |
| Altar of Kings | 1 | 180 | / | 50 |
| Farm | 2 | 160 | / | 40 |
| Lumber Mill | 1 | 120 | / | 0 |
| Keep | 1 | 320 | / | 210 |
| total: | 13 | 730g | / | 270w |
| 0:01 | Peasant |
| 0:03 | Altar of Kings |
| 0:11 | Peasant |
| 0:17 | Farm |
| 0:18 | Peasant |
| 0:33 | Lumber Mill |
| 0:34 | Peasant |
| 0:40 | Farm |
| 0:49 | Peasant |
| 0:56 | Peasant |
| 1:12 | Peasant |
| 1:24 | Scout Tower |
| 1:26 | Scout Tower |
| 1:27 | Peasant |
| 1:39 | Peasant |
| 1:41 | Improved Masonry |
| 1:49 | Scout Tower |
| 1:57 | Arcane Tower |
| 2:01 | Scout Tower |
| 2:04 | Peasant |
| 2:10 | Scout Tower |
| 2:18 | Peasant |
| 2:26 | Blizzard |
| 2:30 | Guard Tower |
| 2:31 | Scout Tower |
| 2:45 | Peasant |
| 3:02 | Arcane Tower |
| 3:04 | Peasant |
| 3:04 | Peasant |
| 3:53 | Guard Tower |
| 3:54 | Scout Tower |
| 3:57 | Keep |
| 4:40 | Scout Tower |
| 4:40 | Guard Tower |
| 4:58 | Brilliance Aura |
| 5:09 | Scout Tower |
| 5:10 | Guard Tower |
| Assign group | 379 |
| Right click | 216 |
| Select group | 82 |
| Select | 55 |
| Build/train/purchase | 33 |
| Chat | 9 |
| Use ability | 7 |
| Misc. action | 2 |

| Staff of Teleportation | 1 | 150 |
| Boots of Speed | 1 | 250 |
| Healing Salve | 1 | 100 |
| total: | 3 | 500g |
| Peasant | 12 | 900 | / | 0 |
| total: | 12 | 900g | / | 0w |
| Scout Tower | 8 | 240 | / | 160 |
| Arcane Tower | 2 | 140 | / | 100 |
| Guard Tower | 7 | 490 | / | 350 |
| Altar of Kings | 1 | 180 | / | 50 |
| Farm | 4 | 320 | / | 80 |
| Lumber Mill | 1 | 120 | / | 0 |
| Keep | 1 | 320 | / | 210 |
| total: | 14 | 860g | / | 290w |
| 0:02 | Peasant |
| 0:02 | Peasant |
| 0:06 | Altar of Kings |
| 0:15 | Peasant |
| 0:18 | Farm |
| 0:30 | Peasant |
| 0:34 | Scout Tower |
| 0:35 | Farm |
| 0:38 | Peasant |
| 1:00 | Peasant |
| 1:04 | Lumber Mill |
| 1:07 | Peasant |
| 1:29 | Peasant |
| 1:29 | Peasant |
| 1:31 | Scout Tower |
| 1:34 | Arcane Tower |
| 1:36 | Peasant |
| 1:53 | Scout Tower |
| 1:54 | Peasant |
| 2:07 | Guard Tower |
| 2:08 | Blizzard |
| 2:14 | Peasant |
| 2:16 | Scout Tower |
| 2:22 | Improved Masonry |
| 2:43 | Guard Tower |
| 2:45 | Scout Tower |
| 2:45 | Scout Tower |
| 2:50 | Scout Tower |
| 2:51 | Scout Tower |
| 2:56 | Guard Tower |
| 3:19 | Guard Tower |
| 3:30 | Keep |
| 3:42 | Staff of Teleportation |
| 3:53 | Boots of Speed |
| 4:02 | Farm |
| 4:02 | Farm |
| 4:08 | Guard Tower |
| 4:19 | Healing Salve |
| Right click | 309 |
| Select | 100 |
| Chat | 30 |
| Build/train/purchase | 29 |
| Select group | 9 |
| Assign group | 8 |
| Use ability | 8 |
| Minimap ping | 2 |
| Esc | 1 |

| Healing Salve | 1 | 100 |
| Lesser Clarity Potion | 2 | 140 |
| total: | 3 | 240g |
| Peon | 16 | 1200 | / | 0 |
| total: | 16 | 1200g | / | 0w |
| Watch Tower | 5 | 550 | / | 400 |
| Altar of Storms | 1 | 180 | / | 50 |
| Orc Burrow | 2 | 320 | / | 80 |
| War Mill | 1 | 205 | / | 0 |
| Voodoo Lounge | 1 | 130 | / | 30 |
| Stronghold | 1 | 315 | / | 190 |
| total: | 10 | 1385g | / | 560w |
| 0:03 | Peon |
| 0:03 | Peon |
| 0:06 | Altar of Storms |
| 0:12 | Orc Burrow |
| 0:21 | Peon |
| 0:27 | Peon |
| 0:50 | Peon |
| 1:01 | War Mill |
| 1:09 | Voodoo Lounge |
| 1:21 | Peon |
| 1:25 | Peon |
| 1:44 | Peon |
| 1:51 | Orc Burrow |
| 1:56 | Peon |
| 2:05 | Wind Walk |
| 2:12 | Healing Salve |
| 2:12 | Lesser Clarity Potion |
| 2:13 | Lesser Clarity Potion |
| 2:18 | Watch Tower |
| 2:20 | Peon |
| 2:33 | Peon |
| 2:33 | Peon |
| 2:48 | Peon |
| 2:52 | Watch Tower |
| 3:04 | Watch Tower |
| 3:18 | Peon |
| 3:43 | Peon |
| 3:43 | Peon |
| 3:59 | Watch Tower |
| 4:14 | Stronghold |
| 4:31 | Watch Tower |
| Right click | 218 |
| Select group | 54 |
| Chat | 44 |
| Select | 40 |
| Build/train/purchase | 31 |
| Minimap ping | 11 |
| Assign group | 3 |
| Use ability | 3 |
| Item give/drop | 1 |
35 units @ 4.4k
/ 0.2k
21 buildings @ 3.5k
/ 0.8k

| Peon | 8 | 600 | / | 0 |
| Grunt | 4 | 800 | / | 0 |
| total: | 12 | 1400g | / | 0w |
| Altar of Storms | 1 | 180 | / | 50 |
| Orc Burrow | 4 | 640 | / | 160 |
| Barracks | 1 | 180 | / | 50 |
| Voodoo Lounge | 1 | 130 | / | 30 |
| War Mill | 1 | 205 | / | 0 |
| Stronghold | 1 | 315 | / | 190 |
| total: | 8 | 1335g | / | 290w |
| 0:02 | Peon |
| 0:03 | Peon |
| 0:10 | Altar of Storms |
| 0:14 | Peon |
| 0:25 | Orc Burrow |
| 0:31 | Peon |
| 0:46 | Peon |
| 0:50 | Barracks |
| 1:02 | Peon |
| 1:08 | Peon |
| 1:21 | Peon |
| 1:36 | Orc Burrow |
| 1:54 | Voodoo Lounge |
| 1:58 | Grunt |
| 2:17 | Feral Spirit |
| 2:22 | Grunt |
| 2:42 | Grunt |
| 3:22 | Stronghold |
| 3:33 | Grunt |
| 3:53 | Orc Burrow |
| 4:27 | Chain Lighting |
| 4:31 | Orc Burrow |
| 4:36 | War Mill |
| Right click | 151 |
| Select | 73 |
| Select group | 69 |
| Build/train/purchase | 24 |
| Chat | 19 |
| Assign group | 18 |
| Misc. action | 1 |
| Use ability | 1 |
| Remove unit | 1 |
| Minimap ping | 1 |

| Healing Salve | 1 | 100 |
| total: | 1 | 100g |
| Peon | 9 | 675 | / | 0 |
| Grunt | 4 | 800 | / | 0 |
| total: | 13 | 1475g | / | 0w |
| Altar of Storms | 1 | 180 | / | 50 |
| Orc Burrow | 2 | 320 | / | 80 |
| Barracks | 1 | 180 | / | 50 |
| Voodoo Lounge | 1 | 130 | / | 30 |
| War Mill | 1 | 205 | / | 0 |
| total: | 6 | 1015g | / | 210w |
| 0:02 | Peon |
| 0:02 | Peon |
| 0:05 | Altar of Storms |
| 0:07 | Orc Burrow |
| 0:26 | Barracks |
| 0:36 | Peon |
| 0:51 | Peon |
| 1:28 | Orc Burrow |
| 1:30 | Grunt |
| 1:44 | Voodoo Lounge |
| 2:00 | Grunt |
| 2:05 | Feral Spirit |
| 2:27 | Peon |
| 2:27 | Peon |
| 2:28 | Peon |
| 2:38 | Grunt |
| 3:19 | War Mill |
| 3:48 | Healing Salve |
| 3:54 | Peon |
| 3:54 | Peon |
| 4:00 | Grunt |
| Right click | 154 |
| Select | 87 |
| Select group | 43 |
| Build/train/purchase | 17 |
| Assign group | 10 |
| Use ability | 4 |
| Minimap ping | 2 |
| Misc. action | 1 |
| Remove unit | 1 |

| Rod of Necromancy | 1 | 150 |
| total: | 1 | 150g |
| Acolyte | 3 | 225 | / | 0 |
| Ghoul | 2 | 240 | / | 0 |
| Crypt Fiend | 5 | 1075 | / | 200 |
| total: | 10 | 1540g | / | 200w |
| Graveyard | 1 | 215 | / | 0 |
| Crypt | 1 | 200 | / | 50 |
| Ziggurat | 3 | 450 | / | 150 |
| Altar of Darkness | 1 | 180 | / | 50 |
| Tomb of Relics | 1 | 130 | / | 30 |
| Halls of the Dead | 1 | 320 | / | 210 |
| total: | 7 | 1175g | / | 280w |
| 0:03 | Acolyte |
| 0:03 | Acolyte |
| 0:10 | Graveyard |
| 0:19 | Crypt |
| 0:20 | Acolyte |
| 0:39 | Ziggurat |
| 0:58 | Altar of Darkness |
| 1:18 | Ziggurat |
| 1:26 | Ghoul |
| 1:47 | Tomb of Relics |
| 1:58 | Ghoul |
| 2:14 | Crypt Fiend |
| 2:44 | Crypt Fiend |
| 3:02 | Rod of Necromancy |
| 3:17 | Death Coil |
| 3:34 | Halls of the Dead |
| 3:47 | Crypt Fiend |
| 4:20 | Crypt Fiend |
| 4:29 | Unholy Aura |
| 4:32 | Crypt Fiend |
| 4:36 | Ziggurat |
| Right click | 208 |
| Select | 67 |
| Select group | 63 |
| Build/train/purchase | 19 |
| Chat | 12 |
| Assign group | 10 |
| Use ability | 3 |
| Misc. action | 1 |
| Remove unit | 1 |
| Esc | 1 |
โ